 Dungeon Crawl Stone Soup version 0.24-b1 (webtiles) character file.

Game seed: 9669049612738289161, levelgen mode: deterministic

954 Chiseanne the Ruffian (level 7, -4/72 HPs)
             Began as a Troll Berserker on Oct 13, 2019.
             Was a Priest of Trog.
             Slain by a hornet (5 damage)
             ... while paralysed by a hornet
             ... on level 7 of the Dungeon.
             The game lasted 00:05:41 (2842 turns).

Chiseanne the Ruffian (Troll Berserker)             Turns: 2842, Time: 00:05:41

Health: -4/72      AC: 10    Str: 26    XL:     7   Next: 91%
Magic:  6/6        EV:  1    Int:  3    God:    Trog [***...]
Gold:   311        SH:  0    Dex: 11    Spells: 6/6 levels left

rFire    . . .     SeeInvis .     - Unarmed
rCold    . . .     Gourm    +   (no shield)
rNeg     + . .     Faith    .   a - +0 animal skin
rPois    .         Spirit   .   E - +2 hat
rElec    .         Reflect  .   k - +1 cloak
rCorr    .         Harm     .   (gloves unavailable)
MR       .....                  (boots unavailable)
Stlth    +.........             (no amulet)
HPRegen  0.62/turn              p - ring of positive energy
MPRegen  0.10/turn              (no ring)

@: paralysed, lethally poisoned (-4 -> -7), slowed
A: large, unfitting armour, claws 3, fast metabolism 3, gourmand, regeneration
1, shaggy fur 1, tough skin 3
a: Berserk, Trog's Hand, Renounce Religion


You were on level 7 of the Dungeon.
You worshipped Trog.
Trog was most pleased with you.
You were completely stuffed.

You visited 1 branch of the dungeon, and saw 6 of its levels.

You collected 311 gold pieces.

Inventory:

Hand Weapons
 A - a +0 giant spiked club
 C - a +3 glaive of chopping
Missiles
 c - 213 stones (quivered)
 l - 33 arrows
 m - 46 bolts
 x - 24 poisoned darts
 y - 44 sling bullets
Armour
 a - a +0 animal skin (worn)
 k - a +1 cloak (worn)
 E - a +2 hat (worn)
Jewellery
 p - a ring of positive energy (left claw)
Wands
 j - a wand of polymorph (11)
 o - a wand of acid (10)
Scrolls
 d - 2 scrolls of remove curse
 i - 4 scrolls of identify
 n - a scroll of noise {unknown}
 q - a scroll of fog
 s - 3 scrolls of teleportation
 u - a scroll of fear {unknown}
Potions
 e - a potion of magic
 f - a potion of cancellation {unknown}
 g - a potion of curing
 h - 2 potions of might
 r - a potion of flight {unknown}
 t - a potion of heal wounds {unknown}
 v - 2 potions of ambrosia {unknown}
 w - 3 potions of mutation {unknown}
 B - a potion of brilliance {unknown}
 D - a potion of berserk rage {unknown}
Comestibles
 b - 6 rations
 z - 4 chunks of flesh


   Skills:
 * Level 5.0 Fighting
 * Level 5.0 Dodging
 * Level 6.0 Unarmed Combat


You had 6 spell levels left.
You didn't know any spells.
Your spell library was empty.

Dungeon Overview and Level Annotations

Branches:
Dungeon (7/15)             Temple (0/1) D:6

Altars:
Okawaru
Xom
The Shining One


Innate Abilities, Weirdness & Mutations

You are too large for most types of armour.
You have claws for hands.
Your metabolism is lightning-fast.
You like to eat raw meat.
Your natural rate of healing is unusually fast.
You are covered in fur. (AC +1)
You have extremely tough skin. (AC +3)


Message History

You feel sick. The hornet stings you.
* * * LOW HITPOINT WARNING * * *
You feel as though you will be slow longer.
The hornet closely misses you.
You completely miss the hornet.
The hornet is severely wounded.
You feel sick. The hornet stings you!
* * * LOW HITPOINT WARNING * * *
You feel as though you will be slow longer.
The hornet barely misses you.
You scratch the hornet but do no damage.
The hornet is severely wounded.
You feel sick.
The hornet stings you but does no damage.
The hornet stings you!
* * * LOW HITPOINT WARNING * * *
You suddenly lose the ability to move!
* * * LOW HITPOINT WARNING * * *
You feel sick. The hornet stings you.
You die...

.. .... .###..#
..##..# # #.##..#
#.#. #.##..#
.....##.#...#
<.......$...#########
#...##y#............
. #@#####..#####
#.#####..# #........#
#######.## #.# #)#
#)# #.# #.# .#


You could see a hornet.

Vanquished Creatures
  Grinder (D:4)
  A sky beast (D:7)
  An orc warrior (D:7)
  2 ogres
  A crimson imp (D:6)
  A hound (D:4)
  An orc wizard (D:6)
  Jessica (D:2)
  An iguana (D:7)
  3 worker ants
  Natasha (D:3)
  A hound zombie (D:7)
  Robin (D:4)
  3 adders (D:2)
  An ooze (D:1)
  An adder zombie (D:6)
  4 worms
  A dart slug (D:2)
  3 leopard geckos
  13 orcs
  11 bats
  7 giant cockroaches
  17 goblins
  8 hobgoblins
  A ball python (D:3)
  A jackal skeleton (D:3)
  7 kobolds
  5 rats
99 creatures vanquished.

Notes
Turn   | Place    | Note
-------+----------+-------------------------------------------
     0 | D:1      | Chiseanne the Troll Berserker began the quest for the Orb.
     0 | D:1      | Reached XP level 1. HP: 22/22 MP: 0/0
   122 | D:1      | Reached XP level 2. HP: 29/29 MP: 1/1
   726 | D:2      | Reached XP level 3. HP: 31/36 MP: 2/2
   778 | D:2      | Reached ** piety under Trog
   860 | D:2      | Noticed Jessica
   877 | D:2      | Killed Jessica
   877 | D:2      | Reached XP level 4. HP: 29/45 MP: 3/3
  1155 | D:2      | Found a glowing golden altar of the Shining One.
  1208 | D:2      | Reached skill level 4 in Unarmed Combat
  1479 | D:3      | Noticed Natasha
  1494 | D:3      | Killed Natasha
  1494 | D:3      | Reached XP level 5. HP: 30/53 MP: 4/4
  1890 | D:3      | Reached *** piety under Trog
  2054 | D:4      | Noticed Grinder
  2064 | D:4      | Paralysed by Grinder for 7 turns
  2072 | D:4      | Killed Grinder
  2072 | D:4      | Reached XP level 6. HP: 35/62 MP: 5/5
  2341 | D:4      | Reached skill level 5 in Unarmed Combat
  2357 | D:4      | Reached XP level 7. HP: 53/70 MP: 6/6
  2411 | D:4      | Noticed Robin
  2432 | D:4      | Killed Robin
  2526 | D:4      | You fall into a shaft and drop 3 floors!
  2526 | D:7      | Found an iron altar of Okawaru.
  2609 | D:7      | Found a shimmering altar of Xom.
  2635 | D:6      | Found a staircase to the Ecumenical Temple.
  2825 | D:7      | Noticed a hornet
  2834 | D:7      | Reached skill level 5 in Fighting
  2834 | D:7      | Reached skill level 5 in Dodging
  2834 | D:7      | Reached skill level 6 in Unarmed Combat
  2841 | D:7      | HP: 1/72 [hornet (10)]
  2841 | D:7      | Paralysed by a hornet for 2 turns
  2842 | D:7      | Slain by a hornet

Skill      XL: |  1  2  3  4  5  6  7 |
---------------+----------------------+-----
Fighting       | 3 4 5 |  5.0
Dodging        | 3 4 5 |  5.0
Unarmed Combat | 4 5 6 |  6.0

Action                   |  1- 3 |  4- 6 |  7- 9 || total
-------------------------+-------+-------+-------++-------
Melee: Unarmed           |    89 |   119 |    86 ||   294
       Punch             |       |     1 |     1 ||     2
  Use: Scroll            |       |     7 |     1 ||     8
  Eat: Chunk             |    13 |    11 |     8 ||    32
Armor: Animal skin       |    34 |    32 |    35 ||   101
Dodge: Dodged            |    44 |    60 |    43 ||   147
